 Dungeon Crawl Stone Soup version 0.21.1-1-g345015f (webtiles) character file.

199 diana the Cutter (level 5, 38/42 HPs)
             Began as a Merfolk Gladiator on June 5, 2018.
             Quit the game on level 3 of the Dungeon.
             The game lasted 00:02:16 (1490 turns).

diana the Cutter (Merfolk Gladiator)                Turns: 1490, Time: 00:02:16

Health: 38/42      AC:  5    Str: 14    XL:     5   Next: 77%
Magic:  5/5        EV: 15    Int:  8    God:
Gold:   64         SH:  0    Dex: 18    Spells: 4/4 levels left

rFire    . . .     SeeInvis .   a - +0 rapier
rCold    . . .     Gourm    .   (no shield)
rNeg     . . .     Faith    .   b - +0 leather armour
rPois    .         Spirit   .   c - +0 helmet
rElec    .         Reflect  .   (no cloak)
rCorr    .         Harm     .   (no gloves)
MR       .....                  (no boots)
Stlth    +++.......             (no amulet)
HPRegen  0.14/turn              (no ring)
MPRegen  0.09/turn              (no ring)

@: no status effects
A: change form in water, swift swim, stealthy swim, rugged brown scales 1, thin
skeletal structure 1, blink
a: Blink


You were on level 3 of the Dungeon.
You were near starving.

You visited 1 branch of the dungeon, and saw 3 of its levels.

You collected 64 gold pieces.

Inventory:

Hand Weapons
 a - a +0 rapier (weapon)
Missiles
 d - 3 throwing nets (quivered)
Armour
 b - a +0 leather armour (worn)
 c - a +0 helmet (worn)
Jewellery
 h - a cursed ring of loudness {unknown}
Scrolls
 e - 2 scrolls of identify {unknown}
 l - 3 scrolls of teleportation {unknown}
 m - a scroll of enchant armour {unknown}
Comestibles
 f - 2 rations


   Skills:
 + Level 3.4 Fighting
 * Level 5.6 Short Blades
 - Level 2.0 Throwing
 + Level 5.2 Dodging
 + Level 2.2 Stealth


You had 4 spell levels left.
You didn't know any spells.

Dungeon Overview and Level Annotations

Branches:
Dungeon (3/15)

Altars:


Innate Abilities, Weirdness & Mutations

You revert to your normal form in water.
You are very nimble and swift while swimming.
You are very stealthy in the water. (Stealth+)
You are partially covered in rugged brown scales. (AC +1, +3% HP)
You have a somewhat thin skeletal structure. (Dex +2, Stealth)
You can translocate small distances at will.


Message History

You hit the orc.
The orc is almost dead.
The orc wizard hits you but does no damage.
The orc misses you.
The orc wizard hits you but does no damage.
You hit the orc.
You kill the orc!
The orc wizard hits you with a dagger.
You closely miss the orc wizard. The orc wizard barely misses you.
The orc hits you but does no damage.
You closely miss the orc wizard.
The orc wizard hits you but does no damage.
The orc wizard casts a spell at you. The puff of flame misses you.
The orc hits you but does no damage.
You hit the orc wizard.
The orc wizard is lightly wounded.
The orc wizard hits you but does no damage.
Welcome back, diana the Merfolk Gladiator.
Press ? for a list of commands and other information.
Are you sure you want to abandon this character and quit the game? (Confirm with "yes".)

.# #.# #.##
... # #.#
#.####.#
####..[.o.#
......[@o.#
#########.#
#.# ######.#
##...##.#
##.....#.#
##..(.....##
#..))).....#
#..........#


You could see an orc wizard and an orc.

Vanquished Creatures
  An ogre (D:3)
  A centaur (D:3)
  An ooze (D:1)
  A leopard gecko (D:2)
  3 orcs (D:3)
  2 goblins (D:1)
  6 hobgoblins
  2 jackals (D:1)
  3 kobolds (D:1)
  4 bats (D:1)
  A frilled lizard (D:1)
  4 rats
29 creatures vanquished.

Notes
Turn   | Place    | Note
-------+----------+-------------------------------------------
     0 | D:1      | diana the Merfolk Gladiator began the quest for the Orb.
     0 | D:1      | Reached XP level 1. HP: 16/16 MP: 1/1
   238 | D:1      | Reached XP level 2. HP: 20/23 MP: 2/2
   848 | D:1      | Reached XP level 3. HP: 28/28 MP: 3/3
  1165 | D:2      | Noticed an ogre
  1190 | D:3      | Noticed a centaur
  1202 | D:3      | Gained mutation: You have a somewhat thin skeletal structure. (Dex +2, Stealth) [potion of mutation]
  1202 | D:3      | Gained mutation: You can translocate small distances at will. [potion of mutation]
  1202 | D:3      | Gained mutation: You are partially covered in rugged brown scales. (AC +1, +3% HP) [potion of mutation]
  1207 | D:3      | Killed an ogre
  1207 | D:3      | Reached skill level 5 in Short Blades
  1207 | D:3      | Reached skill level 1 in Stealth
  1207 | D:3      | Reached XP level 4. HP: 20/36 MP: 4/4
  1218 | D:3      | Killed a centaur
  1218 | D:3      | Reached skill level 5 in Dodging
  1218 | D:3      | Reached XP level 5. HP: 11/42 MP: 5/5
  1490 | D:3      | Quit the game

Skill      XL: |  1  2  3  4 |
---------------+-------------+-----
Short Blades   | 4 5 |  5.6
Fighting       | 3 |  3.4
Stealth        | 1 2 |  2.2
Dodging        | 5 |  5.2
Throwing       | |  2.0

Action                   |  1- 3 |  4- 6 || total
-------------------------+-------+-------++-------
Melee: Rapier            |   104 |    29 ||   133
  Use: Potion            |     5 |       ||     5
 Stab: Sleeping          |     1 |       ||     1
Armor: Leather armour    |    24 |    13 ||    37
       Skin              |    28 |     9 ||    37
Dodge: Dodged            |    73 |    23 ||    96
